Map: [ESL] Oceanborn

Players

TheKazootie

  • Race: Terran Terran
  • League: Master
  • Spawn Location: 11:00

HughJaynus - Winner!

  • Race: Terran Terran
  • League: Master
  • Spawn Location: 5:00

VOD

Have the link to the VOD?

Description

Time

  • Played on: Nov. 4, 2024, 3:25 p.m.
  • Length: 13:11
Show
View Real Time Build Order
Export as new Build Order

TheKazootie Terran 

Build Orders:  

Get SALT Encoding   

  12  0:00  SCV  
  13  0:12  SCV  
  14  0:16  Supply Depot  
  14  0:24  SCV  
  15  0:38  SCV  
  15  0:40  Barracks  
  16  0:43  Refinery  
  16  0:50  SCV  
  16  0:53  Refinery  
  17  1:02  SCV  
  18  1:14  SCV  
  19  1:28  Barracks Reactor  
  19  1:29  Orbital Command  
  19  1:30  Supply Depot  
  19  1:42  Factory  
  19  2:01  SCV  
  20  2:04  Reaper  
  20  2:06  Reaper  
  22  2:13  SCV  
  23  2:25  SCV  
  24  2:35  Hellion  
  24  2:36  Reaper  
  27  2:38  Reaper  
  26  2:47  SCV  
  27  2:57  Command Center  
  27  2:59  SCV  
  27  3:00  Supply Depot  
  27  3:04  Hellion  
  30  3:09  Starport  
  30  3:19  SCV  
  31  3:31  SCV  
  32  3:34  Cyclone  
  32  3:35  Cyclone  
  36  3:43  SCV  
  36  3:46  Barracks Tech Lab  
  37  3:48  Medivac  
  37  3:55  SCV  
  34  4:07  Cyclone x2, SCV  
  39  4:10  Orbital Command  
  39  4:19  SCV  
  40  4:25  Starport Tech Lab  
  38  4:53  SCV x2  
  40  5:10  Command Center  
  40  5:11  SCV  
  40  5:12  Marine x2, Siege Tank  
  40  5:13  Raven  
  40  5:14  Refinery, Interference Matrix  
  45  5:15  SCV  
  45  5:18  Barracks  
  45  5:20  Barracks  
  46  5:24  SCV  
  46  5:27  SCV  
  48  5:30  Marine x2  
  50  5:41  SCV  
  51  5:44  SCV  
  52  5:53  SCV  
  52  5:54  Supply Depot  
  52  5:56  Supply Depot, SCV  
  54  5:58  Raven, Siege Tank  
  54  6:01  Marine  
  54  6:02  Marine  
  61  6:05  SCV  
  62  6:16  Marine, Engineering Bay x2, Barracks Reactor, SCV  
  62  6:17  SCV  
  65  6:19  Marine  
  66  6:31  SCV  
  66  6:32  Siege Tank  
  68  6:33  Marine, Raven  
  68  6:36  SCV  
  72  6:42  Orbital Command, Refinery  
  72  6:43  SCV  
  73  6:50  Terran Infantry Weapons Level 1, SCV  
  74  6:59  SCV  
  75  7:01  Marine  
  75  7:02  Marine  
  75  7:04  Marine x3, Siege Tank  
  83  7:09  SCV  
  83  7:11  SCV  
  85  7:18  SCV  
  85  7:19  Marine  
  85  7:22  SCV  
  88  7:27  Terran Infantry Armor Level 1  
  88  7:36  SCV  
  89  7:38  Stimpack  
  89  7:39  Barracks Reactor  
  89  7:40  Viking  
  89  7:41  SCV x2  
  89  7:44  Supply Depot x2  
  93  7:45  Supply Depot  
  93  7:49  Marine x3  
  93  7:50  Siege Tank, SCV  
  100  7:52  Barracks  
  100  7:53  Barracks, SCV  
  100  7:54  Armory  
  104  8:05  SCV x3  
  104  8:07  Marine x3  
  107  8:16  Command Center  
  107  8:17  SCV  
  108  8:23  Marine x2  
  108  8:25  Marine x3  
  113  8:28  SCV  
  113  8:30  SCV  
  113  8:32  Medivac, Supply Depot  
  113  8:33  Supply Depot  
  117  8:34  Medivac  
  117  8:36  SCV  
  117  8:40  SCV  
  117  8:41  Marine x2  
  122  8:43  Marine x2  
  125  8:50  Missile Turret x2  
  125  8:53  Supply Depot  
  125  8:54  Marine, Siege Tank  
  129  8:59  Marine x2  
  124  9:12  Marine  
  124  9:24  Marine x3, Combat Shield  
  124  9:28  SCV  
  124  9:29  SCV  
  124  9:30  SCV  
  130  9:31  Siege Tank  
  130  9:37  Missile Turret  
  133  9:43  Sensor Tower, Missile Turret  
  133  9:44  Missile Turret, Terran Vehicle Weapons Level 1  
  133  9:48  SCV  
  133  9:49  Refinery  
  133  9:50  SCV  
  135  9:53  Sensor Tower  
  135  10:03  Siege Tank  
  138  10:09  Marine x4  
  138  10:11  Barracks Reactor  
  138  10:12  Barracks Reactor  
  138  10:13  Planetary Fortress, Missile Turret  
  143  10:14  SCV  
  143  10:21  Viking  
  145  10:23  SCV  
  145  10:25  SCV  
  145  10:26  Refinery  
  147  10:31  Marine x5  
  147  10:33  Terran Infantry Weapons Level 2  
  147  10:35  Siege Tank, SCV  
  155  10:49  Marine x5  
  160  10:58  Marine x4  
  164  11:07  Supply Depot x2  
  164  11:08  Marine x4, Viking x2  
  164  11:09  Marine  
  170  11:16  Marine x2  
  172  11:20  Marine  
  172  11:21  Marine  
  174  11:26  Marine x5  
  173  11:34  Marine  
  173  11:38  Viking  
  160  11:40  Marine  
  154  11:47  Viking  
  154  11:48  Marine x4  
  154  11:52  Marine x4  
  159  11:58  Marine  
  158  12:05  Marine  
  158  12:06  Marine x3  
  154  12:08  Viking  
  154  12:10  Marine x4  
  157  12:15  Marine  
  157  12:19  SCV  
  157  12:20  SCV x2  
  161  12:23  Marine  
  161  12:24  Marine x3, Barracks x2  
  161  12:26  Barracks  
  161  12:27  Marine  
  161  12:28  Marine  
  135  12:40  Marine x3  
  135  12:41  Marine x4  
  112  12:45  Marine  
  112  12:46  Marine  
  104  12:57  Factory  
  104  12:58  Factory  
Show
View Real Time Build Order
Export as new Build Order

HughJaynus Terran - Winner!

Build Orders: Cyclone Opening 

Get SALT Encoding   

  12  0:00  SCV  
  13  0:12  SCV  
  14  0:16  Supply Depot  
  14  0:24  SCV  
  15  0:38  SCV  
  15  0:39  Barracks  
  16  0:44  Refinery  
  16  0:50  SCV  
  16  0:53  Refinery  
  17  1:02  SCV  
  18  1:14  SCV  
  19  1:26  Orbital Command, Reaper  
  19  1:30  Supply Depot  
  20  1:43  Factory  
  20  1:56  Bunker  
  20  2:00  SCV  
  22  2:04  Reaper  
  22  2:12  SCV  
  23  2:24  SCV  
  23  2:29  Cyclone  
  26  2:36  SCV  
  27  2:45  Command Center  
  27  2:49  SCV  
  27  2:52  Barracks Reactor  
  27  2:53  Starport  
  27  3:01  Supply Depot, SCV  
  28  3:06  Cyclone  
  30  3:13  SCV  
  31  3:22  Refinery  
  31  3:25  SCV  
  32  3:29  Marine x2  
  32  3:31  Medivac  
  36  3:37  SCV  
  36  3:38  Factory Tech Lab  
  37  3:47  Marine x2  
  39  3:55  SCV  
  38  3:57  Orbital Command  
  38  4:02  Siege Tank  
  40  4:03  Starport Tech Lab  
  40  4:10  SCV  
  40  4:14  Marine x2, Supply Depot  
  43  4:22  Raven, Interference Matrix, SCV  
  46  4:24  SCV  
  47  4:34  SCV  
  47  4:36  SCV  
  47  4:37  Supply Depot  
  45  4:48  SCV  
  45  4:49  Command Center, SCV  
  47  4:58  Marine x2  
  49  5:00  Raven, Supply Depot  
  49  5:01  SCV  
  52  5:07  Siege Tank  
  52  5:12  SCV  
  52  5:13  SCV  
  55  5:24  Supply Depot, SCV  
  55  5:25  SCV  
  57  5:35  Raven  
  59  5:36  SCV  
  59  5:37  Supply Depot, SCV  
  59  5:39  Siege Tank  
  62  5:48  Supply Depot, SCV  
  62  5:49  SCV  
  64  5:51  Barracks  
  64  5:52  Barracks  
  64  5:54  Marine x2  
  66  6:01  Supply Depot, SCV x2  
  68  6:04  Engineering Bay  
  68  6:05  Engineering Bay  
  68  6:06  Orbital Command  
  68  6:13  SCV x2  
  68  6:17  Refinery  
  65  6:30  Orbital Command, SCV x2  
  65  6:32  Terran Infantry Armor Level 1, Terran Infantry Weapons Level 1  
  67  6:42  Barracks Reactor, SCV  
  67  6:43  Siege Tank, Barracks Reactor  
  67  6:44  SCV  
  72  6:54  SCV  
  72  6:56  SCV  
  72  6:59  SCV  
  72  7:01  Marine  
  74  7:02  Stimpack  
  74  7:03  Viking  
  74  7:06  SCV  
  78  7:08  SCV  
  78  7:10  Missile Turret  
  78  7:12  Missile Turret, SCV  
  80  7:18  SCV  
  80  7:19  Marine  
  80  7:20  Missile Turret, SCV  
  80  7:21  Marine x4  
  87  7:23  Siege Tank  
  87  7:28  SCV  
  91  7:30  SCV  
  91  7:32  Sensor Tower  
  91  7:34  Supply Depot  
  91  7:35  Supply Depot  
  91  7:36  Marine, Medivac  
  94  7:38  SCV  
  94  7:39  Marine  
  94  7:40  Refinery, Missile Turret, SCV  
  94  7:42  Refinery, SCV  
  99  7:45  Marine x3  
  99  7:49  Missile Turret  
  99  7:50  Supply Depot  
  102  7:54  Marine  
  102  7:55  Viking  
  102  7:56  Marine  
  102  7:57  SCV x3  
  109  8:03  Marine  
  109  8:05  Supply Depot  
  110  8:06  Siege Tank, Supply Depot, Viking  
  110  8:12  Marine x3  
  117  8:21  Marine x2  
  117  8:24  Command Center  
  118  8:30  Marine x2  
  118  8:31  Marine  
  121  8:36  Armory  
  121  8:39  Marine, Siege Tank  
  125  8:41  Medivac  
  125  8:42  Medivac, Combat Shield  
  125  8:46  Barracks x2  
  125  8:48  Marine, Missile Turret  
  130  9:03  Marine x4  
  130  9:06  Marine  
  129  9:11  Siege Tank  
  132  9:19  Medivac x2  
  132  9:21  Marine x4  
  132  9:22  SCV x3  
  132  9:24  Marine  
  139  9:25  Terran Infantry Armor Level 2, Terran Infantry Weapons Level 2  
  139  9:26  Starport  
  139  9:27  Terran Vehicle Weapons Level 1, Factory  
  140  9:36  Barracks Reactor  
  140  9:37  Barracks Reactor  
  140  9:39  Marine x3  
  140  9:41  Supply Depot  
  140  9:42  Supply Depot  
  140  9:45  Marine x2  
  145  9:49  Siege Tank  
  145  9:52  SCV x2  
  150  9:53  SCV  
  150  9:54  Sensor Tower  
  150  9:57  Marine  
  152  10:05  Marine x3  
  155  10:07  Starport Tech Lab  
  155  10:09  Planetary Fortress  
  155  10:12  SCV x3  
  158  10:24  Marine x4, SCV x3  
  158  10:25  Factory Tech Lab  
  158  10:26  Siege Tank  
  168  10:29  Raven  
  168  10:35  Marine x2  
  170  10:36  SCV  
  170  10:42  Marine x6  
  176  10:43  Marine  
  176  10:44  Siege Tank  
  183  10:52  Command Center  
  183  10:53  Marine  
  184  11:04  Siege Tank  
  187  11:16  Siege Tank  
  190  11:25  Command Center  
  190  11:26  Command Center  
  188  11:36  Siege Tank  
  188  11:37  Marine x4  
  167  11:45  Marine x3  
  167  11:50  Marine x2  
  167  11:52  Siege Tank  
  167  11:53  Liberator x3  
  179  11:54  Marine  
  179  11:55  Marine x2  
  179  11:58  Marine  
  183  12:03  Marine x3  
  186  12:08  Marine x2, Orbital Command, Siege Tank  
  186  12:13  Marine x3  
  191  12:16  Marine  
  192  12:37  Raven  
  156  12:44  Marine  
  156  12:45  Marine x8  
  171  13:02  Missile Turret  
Tags
 
Add a new tag
Caveats
  • Supply blocks, unpowered buildings, or Contaminate may cause inaccurate times.
  • Supply counts are checked every 10 seconds.